TOP OF THE 1ST |
University of Conneticut Huskies batting - Pitching for Coastal Carolina University Chanticleers : RHP Matt Collins
|
Pitching: RHP Matt Collins
|
|
Batting: RHB Alfredo Reguera
|
0-0: Foul Ball, location: 2F 0-1: Called Strike 0-2: SINGLE (Groundball, 34D, EV 95.0 MPH)
|
Batting: RHB Scott Webb
|
0-0: Called Strike Alfredo Reguera steals 2nd base 0-1: Called Strike 0-2: Strikes out swinging
|
Batting: LHB Sergei Stefanov
|
0-0: Called Strike 0-1: Foul Ball, location: 2F 0-2: Ball 1-2: DOUBLE (Line Drive, 78M, EV 111.9 MPH) Alfredo Reguera scores
|
Batting: LHB Bill Kovac
|
0-0: Foul Ball, location: 2F 0-1: Foul Ball, location: 2F 0-2: Ball Wild Pitch! Sergei Stefanov to third 1-2: Ball 2-2: Ball 3-2: 2-RUN HOME RUN (Flyball, 9D, EV 97.5 MPH), Distance : 386 ft
|
Batting: RHB Bill Stern
|
0-0: Ground out 6-3 (Groundball, 6, EV 92.5 MPH)
|
Batting: LHB Jim Upson
|
0-0: Ball 1-0: Ball 2-0: Called Strike 2-1: Called Strike 2-2: Foul Ball, location: 2F 2-2: Ground out 4-3 (Groundball, 34, EV 85.6 MPH)
|
Top of the 1st over - 3 runs, 3 hits, 0 errors, 0 left on base; University of Conneticut 3 - Coastal Carolina University 0 |
BOTTOM OF THE 1ST |
Coastal Carolina University Chanticleers batting - Pitching for University of Conneticut Huskies : RHP Luis Stuit
|
Pitching: RHP Luis Stuit
|
|
Batting: SHB Jim Unknown
|
0-0: Called Strike 0-1: Ball 1-1: Ball 2-1: Ball 3-1: Swinging Strike 3-2: Base on Balls
|
Batting: RHB Ji-an See-to
|
0-0: Called Strike 0-1: Ball 1-1: Called Strike 1-2: Fly out, F9 (Flyball, 89M, EV 91.2 MPH)
|
Batting: RHB Hidemitsu Matsuno
|
0-0: Ball 1-0: Fly out, F7 (Line Drive, 7, EV 93.8 MPH)
|
Batting: RHB Jim Unknown
|
0-0: Ball 1-0: Ball 2-0: SINGLE (Groundball, 4MD, EV 109.4 MPH) Jim Unknown to second Runner from 2nd tries for 3rd, SAFE, throw by CF made to third
|
Batting: LHB Jim Unknown
|
0-0: Swinging Strike 0-1: Ball 1-1: Foul Ball, location: 2F 1-2: Strikes out swinging
|
Bottom of the 1st over - 0 runs, 1 hit, 0 errors, 2 left on base; University of Conneticut 3 - Coastal Carolina University 0 |
TOP OF THE 2ND |
University of Conneticut Huskies batting - Pitching for Coastal Carolina University Chanticleers : RHP Matt Collins
|
Batting: RHB Hector Barajas
|
0-0: Ball 1-0: Foul Ball, location: 2F 1-1: Foul Ball, location: 2F 1-2: Ball 2-2: Ball 3-2: Fly out, F2 (Popup, 15S, EV 88.8 MPH)
|
Batting: RHB Alejandro Collazo
|
0-0: Ball 1-0: Called Strike 1-1: Swinging Strike 1-2: Strikes out swinging
|
Batting: RHB Elmar Adenauer
|
0-0: Ball 1-0: Ball 2-0: Foul Ball, location: 2F 2-1: Foul Ball, location: 2F 2-2: Foul Ball, location: 2F 2-2: Ground out 6-3 (Groundball, 6, EV 105.6 MPH)
|
Top of the 2nd over - 0 runs, 0 hits, 0 errors, 0 left on base; University of Conneticut 3 - Coastal Carolina University 0 |
BOTTOM OF THE 2ND |
Coastal Carolina University Chanticleers batting - Pitching for University of Conneticut Huskies : RHP Luis Stuit
|
Batting: RHB Justin Klein
|
0-0: Called Strike 0-1: SOLO HOME RUN (Flyball, 7LD, EV 94.4 MPH), Distance : 342 ft
|
Batting: RHB Jim Unknown
|
0-0: Called Strike 0-1: Swinging Strike 0-2: Ball 1-2: Foul Ball, location: 2F 1-2: Fly out, F4 (Flyball, 4MD, EV 81.9 MPH)
|
Batting: SHB Jim Unknown
|
0-0: Ball 1-0: Swinging Strike 1-1: Ball 2-1: Swinging Strike 2-2: Strikes out looking
|
Batting: RHB Chris Marcellus
|
0-0: Foul Ball, location: 2F 0-1: Ground out 6-3 (Groundball, 6S, EV 67.5 MPH)
|
Bottom of the 2nd over - 1 run, 1 hit, 0 errors, 0 left on base; University of Conneticut 3 - Coastal Carolina University 1 |
TOP OF THE 3RD |
University of Conneticut Huskies batting - Pitching for Coastal Carolina University Chanticleers : RHP Matt Collins
|
Batting: RHB Alfredo Reguera
|
0-0: Called Strike 0-1: Ball 1-1: Fly out, F8 (Flyball, 78D, EV 75.6 MPH)
|
Batting: RHB Scott Webb
|
0-0: Foul Ball, location: 2F 0-1: Ball 1-1: Foul Ball, location: 2F 1-2: SINGLE (Groundball, 56, EV 105.6 MPH) (infield hit)
|
Batting: LHB Sergei Stefanov
|
0-0: Called Strike 0-1: Ball Scott Webb steals 2nd, throwing error, E2 Scott Webb to third 1-1: Ball 2-1: Called Strike 2-2: Ball 3-2: Base on Balls
|
Batting: LHB Bill Kovac
|
Pickoff Throw to First - Out! 1-3 0-0: Ball 1-0: Ball 2-0: Called Strike 2-1: Ball 3-1: Fly out, F9 (Flyball, 9S, EV 78.1 MPH)
|
Top of the 3rd over - 0 runs, 1 hit, 1 error, 1 left on base; University of Conneticut 3 - Coastal Carolina University 1 |
BOTTOM OF THE 3RD |
Coastal Carolina University Chanticleers batting - Pitching for University of Conneticut Huskies : RHP Luis Stuit
|
Batting: SHB Jim Unknown
|
0-0: Ball 1-0: Fly out, F9 (Line Drive, 9, EV 98.8 MPH)
|
Batting: RHB Ji-an See-to
|
0-0: Ground out 6-3 (Groundball, 6, EV 86.9 MPH)
|
Batting: RHB Hidemitsu Matsuno
|
0-0: Called Strike 0-1: Ball 1-1: Ball 2-1: Ball 3-1: Called Strike 3-2: Ground out U3 (Groundball, 34, EV 80.0 MPH)
|
Bottom of the 3rd over - 0 runs, 0 hits, 0 errors, 0 left on base; University of Conneticut 3 - Coastal Carolina University 1 |
TOP OF THE 4TH |
University of Conneticut Huskies batting - Pitching for Coastal Carolina University Chanticleers : RHP Matt Collins
|
Batting: RHB Bill Stern
|
0-0: Ground out 5-3 (Groundball, 5L, EV 100.0 MPH)
|
Batting: LHB Jim Upson
|
0-0: Ball 1-0: Ball 2-0: Fly out, F8 (Line Drive, 8LM, EV 95.6 MPH)
|
Batting: RHB Hector Barajas
|
0-0: Ball 1-0: Called Strike 1-1: Foul Ball, location: 2F 1-2: Ball 2-2: Foul Ball, location: 2F 2-2: Ball 3-2: SINGLE (Flyball, 8RS, EV 93.1 MPH)
|
Batting: RHB Alejandro Collazo
|
0-0: SINGLE (Groundball, 56S, EV 69.4 MPH) (infield hit) Hector Barajas to second
|
Batting: RHB Elmar Adenauer
|
0-0: Foul Ball, location: 2F 0-1: Ball 1-1: Ball 2-1: Ball 3-1: Foul Ball, location: 2F 3-2: Foul Ball, location: 2F 3-2: Base on Balls Hector Barajas to third Alejandro Collazo to second
|
Pitching: RHP Jim Eisinger
|
|
Batting: RHB Alfredo Reguera
|
0-0: Ball 1-0: Ball Wild Pitch! Hector Barajas scores Alejandro Collazo to third Elmar Adenauer to second 2-0: Ball 3-0: Called Strike 3-1: Base on Balls
|
Batting: RHB Scott Webb
|
0-0: Ball 1-0: Ball 2-0: Called Strike 2-1: SINGLE (Groundball, 34D, EV 99.4 MPH) Alejandro Collazo scores Elmar Adenauer to third Alfredo Reguera to second Runner from 3rd tries for Home, SAFE, throw by RF to home
|
Batting: LHB Sergei Stefanov
|
0-0: Ball 1-0: Foul Ball, location: 2F 1-1: Ball 2-1: Ball 3-1: Base on Balls Alfredo Reguera to third Scott Webb to second
|
Batting: LHB Bill Kovac
|
0-0: Ball 1-0: Ball Wild Pitch! Alfredo Reguera scores Scott Webb to third Sergei Stefanov to second 2-0: Called Strike 2-1: Ball 3-1: Ground out 4-3 (Groundball, 4D, EV 98.1 MPH)
|
Top of the 4th over - 4 runs, 3 hits, 0 errors, 2 left on base; University of Conneticut 7 - Coastal Carolina University 1 |
BOTTOM OF THE 4TH |
Coastal Carolina University Chanticleers batting - Pitching for University of Conneticut Huskies : RHP Luis Stuit
|
Batting: RHB Jim Unknown
|
0-0: SINGLE (Groundball, 6D, EV 110.6 MPH)
|
Batting: LHB Jim Unknown
|
0-0: Called Strike 0-1: Swinging Strike 0-2: Strikes out swinging
|
Batting: RHB Justin Klein
|
0-0: Foul Ball, location: 2F 0-1: Foul Ball, location: 2F 0-2: Strikes out looking
|
Batting: RHB Jim Unknown
|
0-0: Ball 1-0: Called Strike 1-1: Foul Ball, location: 2F 1-2: Fielders Choice at 2nd, U6 (Groundball, 6M, EV 83.1 MPH)
|
Bottom of the 4th over - 0 runs, 1 hit, 0 errors, 1 left on base; University of Conneticut 7 - Coastal Carolina University 1 |
TOP OF THE 5TH |
University of Conneticut Huskies batting - Pitching for Coastal Carolina University Chanticleers : RHP Jim Eisinger
|
Batting: RHB Bill Stern
|
0-0: Called Strike 0-1: Ball 1-1: Fly out, F9 (Flyball, 9LM, EV 91.2 MPH)
|
Batting: LHB Jim Upson
|
0-0: Foul Ball, location: 2F 0-1: Ball 1-1: Ball 2-1: Ball 3-1: Foul Ball, location: 2F 3-2: SINGLE (Flyball, 8RS, EV 83.1 MPH)
|
Batting: RHB Hector Barajas
|
0-0: Ball 1-0: Ball 2-0: Foul Ball, location: 2F 2-1: Ball 3-1: Swinging Strike 3-2: DOUBLE (Flyball, 89D, EV 106.2 MPH) Jim Upson to third
|
Batting: RHB Alejandro Collazo
|
0-0: Ball 1-0: Ball 2-0: Ball 3-0: Called Strike 3-1: Swinging Strike 3-2: Base on Balls
|
Batting: RHB Elmar Adenauer
|
0-0: Swinging Strike 0-1: Foul Ball, location: 2F 0-2: Foul Ball, location: 2F 0-2: Fly out, F9 (Flyball, 89M, EV 95.6 MPH) Runner from 3rd tags up, SCORES, throw by RF Hector Barajas to third
|
Batting: RHB Alfredo Reguera
|
0-0: Ground out 4-3 (Groundball, 4, EV 85.6 MPH)
|
Top of the 5th over - 1 run, 2 hits, 0 errors, 2 left on base; University of Conneticut 8 - Coastal Carolina University 1 |
BOTTOM OF THE 5TH |
Coastal Carolina University Chanticleers batting - Pitching for University of Conneticut Huskies : RHP Luis Stuit
|
Batting: SHB Jim Unknown
|
0-0: Foul Ball, location: 2F 0-1: Swinging Strike 0-2: Ball 1-2: Foul Ball, location: 2F 1-2: Foul Ball, location: 2F 1-2: Strikes out swinging
|
Batting: RHB Chris Marcellus
|
0-0: Called Strike 0-1: SINGLE (Flyball, 56D, EV 86.9 MPH)
|
Batting: SHB Jim Unknown
|
0-0: Foul Ball, location: 2F 0-1: Ball 1-1: Ball 2-1: Foul Ball, location: 2F 2-2: Strikes out swinging
|
Batting: RHB Ji-an See-to
|
0-0: Ball 1-0: Called Strike 1-1: Fielders Choice at 2nd, 6-4 (Groundball, 6, EV 90.0 MPH)
|
Bottom of the 5th over - 0 runs, 1 hit, 0 errors, 1 left on base; University of Conneticut 8 - Coastal Carolina University 1 |
TOP OF THE 6TH |
University of Conneticut Huskies batting - Pitching for Coastal Carolina University Chanticleers : RHP Jim Eisinger
|
Pitching: RHP Raymond Goodwin
|
|
Batting: RHB Scott Webb
|
0-0: Ball 1-0: Ball 2-0: Fly out, F4 (Popup, 4D, EV 53.8 MPH)
|
Batting: LHB Sergei Stefanov
|
0-0: Ball 1-0: Called Strike 1-1: SINGLE (Groundball, 6MD, EV 100.6 MPH)
|
Batting: LHB Bill Kovac
|
0-0: Foul Ball, location: 2F 0-1: Fielders Choice at 2nd, 4-6 (Groundball, 34, EV 111.2 MPH)
|
Batting: RHB Bill Stern
|
0-0: Ball 1-0: Swinging Strike 1-1: Swinging Strike 1-2: Ball 2-2: Fly out, F9 (Flyball, 9LS, EV 98.1 MPH)
|
Top of the 6th over - 0 runs, 1 hit, 0 errors, 1 left on base; University of Conneticut 8 - Coastal Carolina University 1 |
BOTTOM OF THE 6TH |
Coastal Carolina University Chanticleers batting - Pitching for University of Conneticut Huskies : RHP Luis Stuit
|
Batting: RHB Hidemitsu Matsuno
|
0-0: Called Strike 0-1: Ball 1-1: TRIPLE (Flyball, 89XD, EV 111.2 MPH)
|
Batting: RHB Jim Unknown
|
0-0: Called Strike 0-1: Ball 1-1: Swinging Strike 1-2: Strikes out swinging
|
Pitching: RHP Ayub Shukrani
|
|
Batting: LHB Jim Unknown
|
0-0: Called Strike 0-1: Ground out 4-3 (Groundball, 4S, EV 80.0 MPH) Hidemitsu Matsuno scores
|
Batting: RHB Justin Klein
|
0-0: Ground out 5-3 (Groundball, 5L, EV 103.1 MPH)
|
Bottom of the 6th over - 1 run, 1 hit, 0 errors, 0 left on base; University of Conneticut 8 - Coastal Carolina University 2 |
TOP OF THE 7TH |
University of Conneticut Huskies batting - Pitching for Coastal Carolina University Chanticleers : RHP Raymond Goodwin
|
Batting: LHB Jim Upson
|
0-0: Ball 1-0: Swinging Strike 1-1: SOLO HOME RUN (Flyball, 89XD, EV 111.9 MPH), Distance : 425 ft
|
Batting: RHB Hector Barajas
|
0-0: Called Strike 0-1: Ball 1-1: Ball 2-1: Foul Ball, location: 2F 2-2: Ball 3-2: Fly out, F8 (Flyball, 8LD, EV 102.5 MPH)
|
Pitching: RHP Melchior Hartman
|
|
Batting: RHB Alejandro Collazo
|
0-0: Ball 1-0: Foul Ball, location: 2F 1-1: Fly out, F6 (Popup, P, EV 70.0 MPH)
|
Batting: RHB Elmar Adenauer
|
0-0: Ball 1-0: Ball 2-0: Ball 3-0: Base on Balls
|
Batting: RHB Alfredo Reguera
|
0-0: Ground out 6-3 (Groundball, 56, EV 110.6 MPH)
|
Top of the 7th over - 1 run, 1 hit, 0 errors, 1 left on base; University of Conneticut 9 - Coastal Carolina University 2 |
BOTTOM OF THE 7TH |
Coastal Carolina University Chanticleers batting - Pitching for University of Conneticut Huskies : RHP Ayub Shukrani
|
Batting: RHB Jim Unknown
|
0-0: Ball 1-0: Called Strike 1-1: Ball 2-1: Ball 3-1: Foul Ball, location: 2F 3-2: Foul Ball, location: 2F 3-2: Strikes out swinging
|
Batting: SHB Jim Unknown
|
0-0: Ball 1-0: SINGLE (Line Drive, 4M, EV 104.4 MPH)
|
Batting: RHB Chris Marcellus
|
0-0: Called Strike 0-1: DOUBLE (Line Drive, 7LM, EV 103.1 MPH) Jim Unknown to third
|
Batting: SHB Jim Unknown
|
0-0: Foul Ball, location: 2F 0-1: Ball 1-1: Called Strike 1-2: Ball 2-2: Fly out, F9 (Flyball, 9S, EV 97.5 MPH)
|
Batting: RHB Ji-an See-to
|
0-0: Ball 1-0: Ball 2-0: Swinging Strike 2-1: Ball 3-1: Called Strike 3-2: Foul Ball, location: 2F 3-2: Reached via error on a dropped throw from 1B, E1 (Groundball, 34, EV 100.6 MPH) Jim Unknown scores Chris Marcellus to third
|
Batting: RHB Hidemitsu Matsuno
|
0-0: Ball 1-0: Foul Ball, location: 2F 1-1: Fielders Choice at 2nd, 6-4 (Groundball, 6, EV 87.5 MPH)
|
Bottom of the 7th over - 1 run, 2 hits, 1 error, 2 left on base; University of Conneticut 9 - Coastal Carolina University 3 |
TOP OF THE 8TH |
University of Conneticut Huskies batting - Pitching for Coastal Carolina University Chanticleers : RHP Melchior Hartman
|
Batting: RHB Scott Webb
|
0-0: Ball 1-0: Foul Ball, location: 2F 1-1: Ball 2-1: Called Strike 2-2: Foul Ball, location: 2F 2-2: Foul Ball, location: 2F 2-2: Foul Ball, location: 2F 2-2: Foul Ball, location: 2F 2-2: Foul Ball, location: 2F 2-2: Ball 3-2: Fly out, F8 (Flyball, 8LS, EV 81.9 MPH)
|
Batting: LHB Sergei Stefanov
|
0-0: Ball 1-0: Ball 2-0: Foul Ball, location: 2F 2-1: Ball 3-1: Base on Balls
|
Batting: LHB Bill Kovac
|
0-0: Ball 1-0: Ball 2-0: Ball 3-0: Called Strike 3-1: Called Strike 3-2: Fly out, F8 (Flyball, 8LM, EV 87.5 MPH)
|
Pitching: RHP Jim Unknown
|
|
Batting: RHB Bill Stern
|
0-0: Called Strike 0-1: Ball 1-1: Fly out, F2 (Popup, 13S, EV 85.6 MPH)
|
Top of the 8th over - 0 runs, 0 hits, 0 errors, 1 left on base; University of Conneticut 9 - Coastal Carolina University 3 |
BOTTOM OF THE 8TH |
Coastal Carolina University Chanticleers batting - Pitching for University of Conneticut Huskies : RHP Ayub Shukrani
|
Batting: RHB Jim Unknown
|
0-0: Ball 1-0: Reached via error on a dropped throw from SS, E3 (Groundball, 6, EV 87.5 MPH)
|
Batting: LHB Jim Unknown
|
0-0: Called Strike 0-1: Ball 1-1: Ball 2-1: SINGLE (Groundball, 34D, EV 101.9 MPH) Jim Unknown to second Runner from 2nd tries for 3rd, SAFE, throw by RF made to third
|
Batting: RHB Justin Klein
|
0-0: Fielders Choice at 2nd, 4-6 (Groundball, 4, EV 91.2 MPH) Jim Unknown scores
|
Batting: RHB Jim Unknown
|
0-0: Ball 1-0: Ball 2-0: Ball 3-0: Base on Balls Justin Klein to second
|
Batting: SHB Jim Unknown
|
0-0: Fly out, F7 (Line Drive, 7, EV 91.9 MPH)
|
Batting: RHB Chris Marcellus
|
0-0: Ball 1-0: Ball 2-0: Foul Ball, location: 2F 2-1: Foul Ball, location: 2F 2-2: Foul Ball, location: 2F 2-2: Ball 3-2: Base on Balls Justin Klein to third Jim Unknown to second
|
Batting: SHB Jim Unknown
|
0-0: Called Strike 0-1: Ball 1-1: Ball 2-1: Ball 3-1: Foul Ball, location: 2F 3-2: Base on Balls Justin Klein scores Jim Unknown to third Chris Marcellus to second
|
Pitching: LHP Josue Silva
|
|
Batting: RHB Ji-an See-to
|
0-0: Foul Ball, location: 2F 0-1: Swinging Strike 0-2: Ball 1-2: Ball 2-2: Strikes out swinging
|
Bottom of the 8th over - 2 runs, 1 hit, 1 error, 3 left on base; University of Conneticut 9 - Coastal Carolina University 5 |
TOP OF THE 9TH |
University of Conneticut Huskies batting - Pitching for Coastal Carolina University Chanticleers : RHP Jim Unknown
|
Batting: LHB Jim Upson
|
0-0: Ball 1-0: Swinging Strike 1-1: Ball 2-1: SINGLE (Line Drive, 9S, EV 92.5 MPH)
|
Batting: RHB Hector Barajas
|
0-0: Ball 1-0: Foul Ball, location: 2F 1-1: SINGLE (Groundball, 5S, EV 67.5 MPH) (infield hit) Jim Upson to second
|
Batting: RHB Alejandro Collazo
|
0-0: SINGLE (Groundball, 4MD, EV 108.1 MPH) Jim Upson to third Hector Barajas to second Runner from 3rd tries for Home, SAFE, throw by CF to home
|
Batting: RHB Elmar Adenauer
|
0-0: Sac Bunt to 2R - play at first, batter OUT! 2-3 Hector Barajas to third Alejandro Collazo to second
|
Batting: RHB Alfredo Reguera
|
0-0: Called Strike 0-1: Ball 1-1: Ball 2-1: Ground out U3 (Groundball, 34S, EV 94.4 MPH) Hector Barajas scores Alejandro Collazo to third
|
Batting: RHB Scott Webb
|
0-0: Ball Passed Ball! Alejandro Collazo scores 1-0: Ball 2-0: Called Strike 2-1: Ball 3-1: Base on Balls
|
Batting: LHB Sergei Stefanov
|
0-0: Ball 1-0: Ball Wild Pitch! Scott Webb to second 2-0: Ball 3-0: Called Strike 3-1: Foul Ball, location: 2F 3-2: Foul Ball, location: 2F 3-2: Base on Balls
|
Pinch Hitting: LHB Hector Acosta
|
0-0: SINGLE (Flyball, 7S, EV 90.6 MPH) Scott Webb to third Sergei Stefanov to second Throwing error, E7 Scott Webb scores Sergei Stefanov to third Hector Acosta to second
|
Pinch Hitting: LHB Enzo Aguello
|
0-0: Ball 1-0: Foul Ball, location: 2F 1-1: Ball 2-1: Called Strike 2-2: Fly out, F2 (Popup, 2LF, EV 91.9 MPH)
|
Top of the 9th over - 4 runs, 4 hits, 1 error, 2 left on base; University of Conneticut 13 - Coastal Carolina University 5 |
BOTTOM OF THE 9TH |
Coastal Carolina University Chanticleers batting - Pitching for University of Conneticut Huskies : LHP Josue Silva
|
Now at 1B: Enzo Aguello
|
|
Now in LF: Hector Acosta
|
|
Batting: RHB Hidemitsu Matsuno
|
0-0: SOLO HOME RUN (Line Drive, 8LXD, EV 116.2 MPH), Distance : 463 ft
|
Batting: RHB Jim Unknown
|
0-0: Ball 1-0: Ball 2-0: Ball 3-0: Called Strike 3-1: Foul Ball, location: 2F 3-2: Ground out 6-3 (Groundball, 6, EV 106.9 MPH)
|
Batting: LHB Jim Unknown
|
0-0: Fly out, F5 (Line Drive, 5, EV 73.8 MPH)
|
Batting: RHB Justin Klein
|
0-0: Ball 1-0: Foul Ball, location: 2F 1-1: Called Strike 1-2: Strikes out looking
|
Bottom of the 9th over - 1 run, 1 hit, 0 errors, 0 left on base; University of Conneticut 13 - Coastal Carolina University 6 |
|